AoeStats
← Khirs

Black Forest

505279304Analyzed
4v4 RM · 24d ago on Sep 8, 2026· 56m 42s· 8 players
Game mode
Random Map
Map size
Large (8 player)
Population
200
Speed
Normal
Resources
Standard
Victory
Conquest
Starting age
Dark Age
Ending age
Imperial Age
RankedLock teamsTeams togetherTeam positionsShared explorationLock speedFull tech treeHidden civsTurbo modeCheats
Victory
Defeat
🇨🇴 Mongols · Colombia
923
+12
🇪🇸 Teutons · Spain
879
+14
🇹🇷 Franks · Türkiye
878
+14
🇹🇷 Malay · Türkiye
875
+14
🇦🇷 Khmer · Argentina
887
-17
🇩🇪 Franks · Germany
868
-38
🇵🇪 Mongols · Peru
803
-29
🇩🇪 Goths · Germany
748
-10
Draco Dormiens
0:26 Loom
13:02 Feudal Age
14:26 Double-Bit Axe
16:58 Castle Age
16:49 Town Watch
17:46 Wheelbarrow
18:22 Bow Saw
23:27 Fervor
24:50 Scale Barding Armor
24:58 Horse Collar
27:45 Stone Mining
28:35 Gold Mining
29:43 Hand Cart
29:31 Heavy Plow
29:46 Fletching
30:09 Forging
30:33 Town Patrol
33:19 Imperial Age
31:13 Ballistics
31:53 Bodkin Arrow
31:57 Murder Holes
32:05 Husbandry
32:15 Bloodlines
32:56 Padded Archer Armor
33:48 Chain Barding Armor
32:50 Light Cavalry
33:53 Leather Archer Armor
34:15 Iron Casting
33:54 Fortified Wall
34:07 Bracer
34:16 Siege Engineers
35:12 Chemistry
33:58 Capped Ram
35:31 Conscription
35:22 Nomads
35:57 Hoardings
35:43 Drill
35:36 Masonry
35:46 Elite Steppe Lancer
35:54 Hussar
39:04 Blast Furnace
38:20 Heavy Scorpion
41:13 Siege Ram
42:14 Siege Ram
42:27 Elite Mangudai
45:30 Caravan
46:00 Coinage
47:42 Thumb Ring
48:02 Parthian Tactics
53:14 Heavy Camel Rider
Khirs
0:31 Loom
14:14 Feudal Age
14:41 Double-Bit Axe
14:58 Horse Collar
21:06 Castle Age
19:15 Gold Mining
20:01 Stone Mining
21:23 Forging
22:17 Heavy Plow
22:32 Bow Saw
23:23 Scale Mail Armor
32:14 Imperial Age
30:16 Ballistics
30:42 Fletching
33:07 Wheelbarrow
32:47 Bodkin Arrow
33:58 Chemistry
33:10 Masonry
33:28 Conscription
33:53 Coinage
34:56 Iron Casting
34:11 Elite Teutonic Knight
36:40 Blast Furnace
35:56 Chain Mail Armor
35:55 Fortified Wall
36:39 Ironclad
36:22 Onager
37:15 Caravan
36:52 Pikeman
38:50 Plate Mail Armor
41:25 Halberdier
43:19 Siege Onager
46:46 Siege Engineers
48:11 Hand Cart
51:54 Scale Barding Armor
52:35 Banking
52:17 Guilds
52:10 Cavalier
53:24 Chain Barding Armor
53:43 Paladin
55:29 Plate Barding Armor
Gasterfail
1:06 Loom
18:44 Feudal Age
18:13 Horse Collar
18:20 Double-Bit Axe
22:13 Gold Mining
29:06 Castle Age
28:09 Stone Mining
29:23 Wheelbarrow
28:57 Crossbowman
29:46 Thumb Ring
29:44 Padded Archer Armor
30:47 Bow Saw
39:53 Imperial Age
42:11 Stone Shaft Mining
42:23 Hand Cart
44:04 Caravan
44:25 Arbalester
46:19 Chemistry
45:40 Ballistics
45:40 Leather Archer Armor
45:16 Fletching
46:35 Conscription
yeniçeri
0:29 Loom
13:59 Feudal Age
19:03 Castle Age
17:22 Double-Bit Axe
17:31 Gold Mining
19:59 Bow Saw
20:45 Wheelbarrow
23:57 Stone Mining
25:52 Hand Cart
26:49 Gold Shaft Mining
27:32 Husbandry
34:28 Elite Skirmisher
39:34 Imperial Age
36:50 Town Watch
37:41 Town Patrol
38:24 Ballistics
38:16 Forging
38:06 Scale Mail Armor
38:07 Padded Archer Armor
38:20 Masonry
38:36 Caravan
40:32 #83
39:51 Cavalier
40:35 Chivalry
40:55 Conscription
41:41 Chemistry
41:13 Architecture
40:49 Scale Barding Armor
41:00 Leather Archer Armor
40:35 Fletching
41:21 Iron Casting
41:21 Coinage
42:13 Hoardings
42:53 Chain Barding Armor
42:50 Chain Mail Armor
42:28 Guard Tower
45:56 Paladin
48:00 Banking
48:32 Pikeman
49:15 Squires
50:29 Halberdier
51:27 Elite Throwing Axeman
Spironolacton
11:11 Loom
13:06 Feudal Age
17:41 Castle Age
15:48 Double-Bit Axe
16:08 Horse Collar
19:41 Bow Saw
26:41 Pikeman
29:22 Heavy Plow
29:45 Scale Mail Armor
29:56 Forging
30:51 Chain Mail Armor
31:30 Anarchy
33:14 Murder Holes
36:46 Imperial Age
35:54 Squires
36:24 Masonry
40:16 Chemistry
39:47 Architecture
41:17 Two-Man Saw
41:43 Elite Huskarl
42:27 Halberdier
44:32 Iron Casting
catcat
11:34 Feudal Age
12:49 Double-Bit Axe
17:10 Castle Age
18:11 Bow Saw
18:38 Stone Mining
21:49 Husbandry
24:04 Loom
26:23 Ballistics
27:23 Wheelbarrow
27:07 Scale Mail Armor
27:13 Scale Barding Armor
28:44 #83
28:52 Hand Cart
33:04 Imperial Age
30:59 Gold Mining
31:37 Chain Barding Armor
32:41 Crossbowman
34:54 Chemistry
34:59 Chivalry
35:20 Conscription
35:34 Elite Throwing Axeman
36:27 Town Watch
36:41 Fletching
36:52 Padded Archer Armor
39:09 Town Patrol
39:50 Elite Skirmisher
41:02 Forging
40:56 Cavalier
40:57 Light Cavalry
43:02 Paladin
47:37 Plate Barding Armor
47:21 Chain Mail Armor
47:41 Iron Casting
49:50 Blast Furnace
Admar
0:28 Loom
ALGISIX
6:43 Loom
18:14 Feudal Age
22:57 Castle Age
20:45 Double-Bit Axe
23:49 Horse Collar
26:10 Fletching
26:20 Padded Archer Armor
28:44 Elite Skirmisher
29:30 Thumb Ring
29:08 Pikeman
30:02 Bow Saw
29:57 Gold Mining
30:00 Stone Mining
32:18 Wheelbarrow
31:28 Town Watch
34:31 Hand Cart
35:01 Gold Shaft Mining
35:06 Ballistics
36:34 Squires
36:44 Bodkin Arrow
37:04 Leather Archer Armor
36:49 Murder Holes
Connection lost

Rejoining the realm…

Still unreachable

The connection could not be restored.

Session expired

The server has moved on; the page needs a fresh start.